 Dungeon Crawl Stone Soup version 0.30-a0-1157-g2cc9ac7196 (webtiles) character file.

Game seed: 15899618682186507980

130 pokedragonboy the Grasshopper (level 5, -1/48 HPs)
             Began as a Naga Warper on Apr 24, 2023.
             Slain by Terence
             ... wielding a +0 mace
              (9 damage)
             ... on level 3 of the Dungeon.
             The game lasted 00:04:37 (1740 turns).

pokedragonboy the Grasshopper (Naga Warper)         Turns: 1740, Time: 00:04:38

Health: -1/48      AC:  7    Str: 13 (15) XL:     5   Next: 13%
Magic:  8/8        EV:  7    Int: 10 (13) God:
Gold:   139        SH:  0    Dex:  8 (11) Spells: 4/8 levels left

rFire   . . .        a - +0 spear
rCold   . . .        (no shield)
rNeg    . . .        b - +0 leather armour
rPois   +            (no helmet)
rElec   .            (no cloak)
rCorr   .            (no gloves)
SInv    +            f - +0 barding
Will    .....        (no amulet)
Stlth   ++           (no ring)
HPRegen 0.28/turn    (no ring)
MPRegen 0.11/turn

%: no passive effects
@: slowed, very slow
A: AC +1, large, see invisible, deformed body, poison resistance, slowness 2,
spit poison 1, naga tail 1
a: Spit Poison


You were on level 3 of the Dungeon.
You visited 1 branch of the dungeon, and saw 3 of its levels.

You collected 139 gold pieces.

Inventory:

Hand Weapons
 a - a +0 spear (weapon)
Missiles
 d - 5 boomerangs of dispersal
Armour
 b - a +0 leather armour (worn)
 f - a +0 barding (worn)
Scrolls
 c - a scroll of blinking
 e - a scroll of fog {unknown}
 g - 4 scrolls of teleportation {unknown}
 i - 2 scrolls of identify {unknown}
 j - a scroll of poison {unknown}
 k - 3 scrolls of magic mapping {unknown}
 l - 2 scrolls of vulnerability {unknown}
 m - 2 scrolls of fear {unknown}
Potions
 n - a potion of flight {unknown}


   Skills:
 + Level 2.8 Fighting
 * Level 3.5 Polearms
 - Level 0.8 Throwing
 - Level 0.7 Armour
 - Level 1.5 Dodging
 + Level 3.0 Stealth
 - Level 2.0 Spellcasting
 + Level 3.7 Translocations


You had 4 spell levels left.
You knew the following spells:

 Your Spells              Type           Power      Damage    Failure   Level
a - Lesser Beckoning      Tloc           16%        N/A       13%         2
m - Blink                 Tloc           16%        N/A       13%         2

Your spell library contained the following spells:

 Spells                   Type           Power      Damage    Failure   Level
 Apportation              Tloc           16%        N/A       9%          1
 Teleport Other           Tloc           8%         N/A       26%         3
 Vhi's Electric Charge    Tloc/Air       8%         N/A       50%         3
 Sublimation of Blood     Necr           1%         N/A       52%         2
 Wereblood                Tmut           1%         N/A       52%         2
 Manifold Assault         Tloc           8%         N/A       65%         4
 Alistair's Intoxication  Tmut/Pois      0%         N/A       100%        5
 Summon Hydra             Summ           0%         N/A       100%        7


Dungeon Overview and Level Annotations

Branches:
Dungeon (3/15)

Altars:

Annotations:
D:3 Natasha, Terence


Innate Abilities, Weirdness & Mutations

Your serpentine skin is tough. (AC +1)
You have supernaturally acute eyesight. (SInv)
Armour fits poorly on your strangely shaped body.
Your system is resistant to poisons. (rPois)
You cover ground very slowly.
You can spit poison.
You have a snake-like lower body.


Message History

Natasha growls.
Natasha barely misses you.
You hit Terence.
Terence is severely wounded.
Terence hits you with a +0 mace. Natasha barely misses you.
Terence hits you with a +0 mace.
You barely miss Terence.
Terence is severely wounded.
You have got your breath back.
Natasha casts a spell.
Terence screams, "I'm going to kill you!"
Terence closely misses you. Natasha casts a spell at you.
The magic dart hits you.
You hit Terence.
Terence is almost dead.
Natasha looks more healthy.
Terence hits you with a +0 mace.
Natasha drinks a potion.
Natasha is healed!
The cerulean imp hits you from afar with a +1 spear.
Terence completely misses you.
You hit Natasha.
Natasha is lightly wounded.
Natasha barely misses you.
The cerulean imp hits you but does no damage.
Terence hits you with a +0 mace.
* * * LOW HITPOINT WARNING * * *
Unknown command.
You hit Terence but do no damage.
Terence is almost dead.
Natasha barely misses you.
The cerulean imp hits you from afar with a +1 spear.
* * * LOW HITPOINT WARNING * * *
Terence hits you but does no damage. Natasha claws you but does no damage.
The cerulean imp hits you from afar with a +1 spear.
* * * LOW HITPOINT WARNING * * *
It was a potion of degeneration.
There was something very wrong with that liquid.
You feel weakened.
You feel dopey.
You feel clumsy. Terence hits you with a +0 mace!
You die...

### ..#
#.################
#................#
##############...#
#.......#
....###...#
###.####..#######
#......@.......
######@h..#####
....5....
...#.#.#####
#####.#.# .# .....
.### ###.## ... .#
.###


You could see Terence, Natasha and a cerulean imp (summoned).

Vanquished Creatures
  Natasha (D:3)
  Robin (D:3)
  3 adders
  A worm (D:2)
  A dart slug (D:1)
  3 endoplasms
  2 giant cockroaches (D:2)
  10 goblins
  7 hobgoblins
  6 jackals (D:1)
  A quokka (D:1)
  7 ball pythons
  3 bats
  2 frilled lizards (D:1)
  4 kobolds
  7 rats
59 creatures vanquished.

Vanquished Creatures (others)
  2 plants (D:3)
2 creatures vanquished.

Grand Total: 61 creatures vanquished

Notes
Turn   | Place    | Note
-------+----------+-------------------------------------------
     0 | D:1      | pokedragonboy the Naga Warper began the quest for the Orb.
     0 | D:1      | Reached XP level 1. HP: 19/19 MP: 3/3
   177 | D:1      | Reached XP level 2. HP: 26/26 MP: 5/5
   197 | D:1      | Reached skill level 1 in Stealth
   431 | D:1      | Reached XP level 3. HP: 20/32 MP: 6/6
   601 | D:1      | Learned a level 2 spell: Blink
   604 | D:1      | Learned a level 2 spell: Lesser Beckoning
  1110 | D:2      | Reached XP level 4. HP: 40/40 MP: 7/7
  1397 | D:3      | Noticed Natasha
  1411 | D:3      | Killed Natasha
  1563 | D:3      | Noticed Robin
  1591 | D:3      | Reached XP level 5. HP: 41/46 MP: 8/8
  1605 | D:3      | Killed Robin
  1727 | D:3      | Noticed Terence
  1727 | D:3      | Noticed Natasha
  1740 | D:3      | Slain by Terence

Illustrated notes

Levels and vault maps discovered:
D:1:      scummos_arrival_star, layout_loops_ring, minmay_misc_feat_x,
          amethyst_killhole
D:2:      wad_pebble_path, layout_rooms
D:3:      layout_loops_ring, mainiacjoe_overflow_brackets, serial_bayou_ford_a,
          uniq_natasha, uniq_terence, uniq_robin

Skill      XL: |  1  2  3  4  5 |
---------------+----------------+-----
Stealth        | 1 2 3 |  3.0
Polearms       | 3 |  3.5
Fighting       | |  2.8
Throwing       | |  0.8
Armour         | |  0.7
Dodging        | |  1.5
Spellcasting   | |  2.0
Translocations | |  3.7

Action                     |  1- 3 |  4- 6 || total
---------------------------+-------+-------++-------
  Melee: Spear             |   127 |    82 ||   209
         Punch             |     1 |     1 ||     2
  Throw: Boomerang         |     2 |       ||     2
Ability: Spit Poison       |     7 |    12 ||    19
    Use: Potion            |       |     1 ||     1
   Stab: Sleeping          |     2 |       ||     2
 Armour: Leather armour    |    59 |    47 ||   106
  Dodge: Dodged            |    43 |    31 ||    74

Table legend: (Time is in decaauts)
 A = Elapsed time spent in this place.
 B = Non-inter-level travel time spent in this place.
 C = Inter-level travel time spent in this place.
 D = Time resting spent in this place.
 E = Time spent auto-exploring this place.
 F = Levels seen in this place.
 G = Mean time per level.
                   A        B        C        D        E       F      G
               +--------+--------+--------+--------+--------+-----+--------+
         Total |   2199 |   2125 |     74 |    230 |   1438 |   3 |  733.0 |
       Dungeon |   2199 |   2125 |     74 |    230 |   1438 |   3 |  733.0 |
               +--------+--------+--------+--------+--------+-----+--------+

Top non-repeatable levels by time:
     D:1: 1141 daAuts
     D:2: 667 daAuts
     D:3: 390 daAuts
